 Dungeon Crawl Stone Soup version 0.31-a0-1154-gadca813884 (webtiles) character file.

Game seed: 13193194054238044553

1 Arzdou the Firebug (level 1, 0/11 HPs)
             Began as an Octopode Fire Elementalist on Dec 7, 2023.
             Slain by a goblin
             ... wielding a +2 dagger of speed
              (5 damage)
             ... on level 1 of the Dungeon.
             The game lasted 00:00:11 (53 turns).

Arzdou the Firebug (Octopode Fire Elementalist)       Turns: 53, Time: 00:00:11

Health: 0/11       AC:  1    Str:  7    XL:     1   Next: 20%
Magic:  3/3        EV: 13    Int: 17    God:
Gold:   0          SH:  0    Dex: 12    Spells: 3/4 levels left

rFire   . . .        (no weapon)
rCold   . . .        (no shield)
rNeg    . . .        (helmet restricted)
rPois   .            (no amulet)
rElec   .            (no ring)
rCorr   .            (no ring)
SInv    .            (no ring)
Will    .....        (no ring)
Stlth   +++          (no ring)
HPRegen 0.21/turn    (no ring)
MPRegen 0.08/turn    (no ring)
                     (no ring)

%: no passive effects
@: no status effects
A: almost no armour, amphibious, 8 rings, camouflage 1, gelatinous body 1,
(nimble swimmer 1), tentacles
a: no special abilities


You were on level 1 of the Dungeon.
You visited 1 branch of the dungeon, and saw 1 of its levels.

Inventory:

Potions
 a - a potion of magic


   Skills:
 + Level 2.0 Dodging
 + Level 2.7 Stealth
 + Level 2.0 Spellcasting
 + Level 1.0 Conjurations
 + Level 3.0 Fire Magic


You had 3 spell levels left.
You knew the following spells:

 Your Spells              Type           Power      Damage    Failure   Level
a - Foxfire               Conj/Fire      32%        2x1d5     9%          1

Your spell library contained the following spells:

 Spells                   Type           Power      Damage    Failure   Level
 Scorch                   Fire           24%        2d6       9%          2
 Inner Flame              Hex/Fire       6%         N/A       30%         3
 Volatile Blastmotes      Fire/Tloc      12%        2d11      30%         3
 Flame Wave               Conj/Fire      8%         2d5       63%         4


Dungeon Overview and Level Annotations

Branches:
Dungeon (1/15)

Altars:


Innate Abilities, Weirdness & Mutations

You cannot wear most types of armour.
You are amphibious.
You can wear up to eight rings at the same time.
Your skin changes colour to match your surroundings (Stealth+).
Your rubbery body absorbs attacks. (AC +1, EV +1)
((You are camouflaged when in or above water. (Stealth+)))
You have tentacles for arms and can constrict up to eight enemies at once.


Message History

You closely miss the jackal. Your grab misses the jackal. The jackal bites you.
The jackal misses you.
You tentacle-slap the jackal but do no damage.
You grab the jackal.
The jackal is lightly wounded.
You constrict the jackal. The jackal barely misses you. x2
The jackal bites you. x2
You release your grip on the jackal.
The jackal attacks as it pursues you! The jackal closely misses you.
The jackal barely misses you. x2
The jackal attacks as it pursues you! The jackal closely misses you.
The jackal bites you but does no damage.
The jackal bites you. The jackal closely misses you.
The jackal attacks as it pursues you! The jackal bites you.
* * * LOW HITPOINT WARNING * * *
You tentacle-slap the jackal but do no damage.
You grab the jackal. Your squeeze misses the jackal.
The jackal is moderately wounded.
You constrict the jackal, but do no damage.
The jackal barely misses you.
You tentacle-slap the jackal.
The jackal is heavily wounded.
You constrict the jackal. The jackal barely misses you.
You tentacle-slap the jackal but do no damage.
The jackal is severely wounded.
You constrict the jackal. The jackal closely misses you.
You tentacle-slap the jackal.
You kill the jackal!
You barely miss the goblin. Your grab misses the goblin.
The goblin barely misses you. x2
You barely miss the goblin. You grab the goblin. You constrict the goblin.
The goblin misses you.
You tentacle-slap the goblin but do no damage.
The goblin is moderately wounded.
You constrict the goblin, but do no damage.
The goblin closely misses you.
You tentacle-slap the goblin but do no damage.
The goblin is moderately wounded.
You constrict the goblin.
The goblin hits you with a +2 dagger of speed.
You die...

#.. .# ####### #.#
.#. #.....# #.####h..
##.....######.#.....h
#...............##...
#......######...[..#.
#..hhh## ###.####.
####g#### #.# #.
#@##### .## .
#..###### . ^
#....##### ##..
#.###..###.## #.#
###..~~# #.#
#<##~~..# #.# ###
###.. #.# ## .#.


You could see 3 jackals and a goblin.

Vanquished Creatures
  A jackal (D:1)
1 creature vanquished.

Vanquished Creatures (others)
  2 foxfires (D:1)
2 creatures vanquished.

Grand Total: 3 creatures vanquished

Notes
Turn   | Place    | Note
-------+----------+-------------------------------------------
     0 | D:1      | Arzdou the Octopode Fire Elementalist began the quest for
                  | the Orb.
     0 | D:1      | Reached XP level 1. HP: 11/11 MP: 3/3
    53 | D:1      | Slain by a goblin

Illustrated notes

Levels and vault maps discovered:
D:1:      spicycebolla_green_bress_n_ham_2, layout_loops_cross,
          basic_ecumenical_altar, minmay_door_square, supply_closet_lemuel,
          kennysheep_minor_cross, dreamdust_mushroom_princess

Action                     || total
---------------------------++-------
  Melee: Unarmed           ||    12
         Constrict         ||     4
         Tentacles         ||     1
   Cast: Foxfire           ||     2
 Armour: Skin              ||     9
  Dodge: Dodged            ||    18

Table legend: (Time is in decaauts)
 A = Elapsed time spent in this place.
 B = Non-inter-level travel time spent in this place.
 C = Inter-level travel time spent in this place.
 D = Time resting spent in this place.
 E = Time spent auto-exploring this place.
 F = Levels seen in this place.
 G = Mean time per level.
                   A        B        C        D        E       F      G
               +--------+--------+--------+--------+--------+-----+--------+
         Total |     53 |     53 |      0 |      0 |     19 |   1 |   53.0 |
       Dungeon |     53 |     53 |      0 |      0 |     19 |   1 |   53.0 |
               +--------+--------+--------+--------+--------+-----+--------+

Top non-repeatable levels by time:
     D:1: 53 daAuts
